cohdb
Replays
Latest Replays
All Replays
Popular Replays
Top Player Replays
Match Explorer
How It Works
Community
CoH3 Stats
Reddit
Sign in to upload your games and track your stats! →
Sign in with Steam
Match 40410211
Unlisted
Match 40410211
Overview
Messages
Build Orders
End
Construct Barracks
Scout Squad
Selects Armored Battlegroup
Selects Assault Engineers
Assault Engineer Squad
Riflemen Squad
Construct Medical Station
Riflemen Squad
Riflemen Squad
Mechanized Support Center
Construct Weapon Support Center
Selects Field Repairs
M1918 Browning Automatic Rifles
M3 Armored Personnel Carrier
Improvised Armor
Salvage Crew
Selects Strength in Steel
Construct Tank Depot
M3 Armored Personnel Carrier
Selects M8 Scott SPG
M4A1 Sherman Medium Tank
M4A1 76mm Conversion
M4A1(76) Sherman Medium Tank
Field Repairs
-=]OV[=-Mcgiver
Skyliner
DieOuweBaas
UH|dun! ツ
iceman
xxjesus340
0
0
Comments
sign in to comment!
No comments posted yet!